 Dungeon Crawl Stone Soup version 0.31-a0-702-gf82c85558f (webtiles) character file.

Game seed: 2231017115172998810

396 qw the Shooter (level 6, -2/38 HPs)
             Began as a Gargoyle Hunter on Sept 8, 2023.
             Slain by an ogre
             ... wielding a +0 giant club
              (24 damage)
             ... on level 4 of the Dungeon.
             The game lasted 00:00:58 (2091 turns).

qw the Shooter (Gargoyle Hunter)                    Turns: 2091, Time: 00:00:59

Health: -2/38      AC: 10    Str: 14    XL:     6   Next: 82%
Magic:  6/6        EV: 11    Int: 10    God:
Gold:   164        SH:  0    Dex: 21    Spells: 5/5 levels left

rFire   . . .        Y - +0 arbalest (drain)
rCold   . . .        (shield currently unavailable)
rNeg    + . .        a - +0 ring mail
rPois   inf          (no helmet)
rElec   +            g - +0 cloak
rCorr   .            (no gloves)
SInv    .            (no boots)
Will    .....        (no amulet)
Stlth   +            e - +6 ring of dexterity
HPRegen 0.26/turn    (no ring)
MPRegen 0.10/turn

%: no passive effects
@: no status effects
A: sickness immunity, AC +4, negative energy resistance 1, electricity
resistance, torment resistance 1, petrification resistance
a: no special abilities


You were on level 4 of the Dungeon.
You visited 1 branch of the dungeon, and saw 4 of its levels.

You collected 164 gold pieces.


Innate Abilities, Weirdness & Mutations

You are immune to sickness and miasma.
Your stone body is resilient. (AC +4)
You are immune to poison.
You resist negative energy. (rN+)
You are resistant to electric shocks. (rElec)
You are resistant to unholy torment.
You are immune to petrification.


   Skills:
 - Level 4.0 Fighting
 + Level 7.0 Ranged Weapons
 - Level 1.0 Armour
 - Level 2.0 Dodging
 - Level 1.1 Stealth


You had 5 spell levels left.
You didn't know any spells.
Your spell library was empty.

Inventory:

Hand Weapons
 Y - a +0 arbalest of draining (weapon)
Armour
 a - a +0 ring mail (worn)
 g - a +0 cloak (worn)
Jewellery
 e - a +6 ring of dexterity (left hand)
Scrolls
 c - a scroll of identify
 d - a scroll of vulnerability {unknown}
Potions
 b - a potion of magic {unknown}
 f - a potion of resistance
 i - 2 potions of curing
 j - a potion of haste
 l - a potion of invisibility {unknown}

Dungeon Overview and Level Annotations

Branches:
Dungeon (4/15)
 Temple: D:4-7

Altars:
Elyvilon
Qazlal
Uskayaw


Message History

Found a dagger.
Found a robe.
Found a book of Party Tricks.
You now have 164 gold pieces (gained 6).
You see here a book of Party Tricks.
A hound comes into view.
You shoot a bolt. The bolt hits the hound.
The hound barks!
The hound is lightly wounded.
You shoot a bolt. The bolt hits the hound!
You kill the hound!
Your Dodging skill increases to level 2!
d - a scroll labelled NAUFEM POESK An ogre comes into view.
It is wielding a +0 giant club.
The ogre shouts!
Enter note:
Enter note:
Enter note:
Enter note:
Enter note:
Enter note:
Enter note:
Enter note:
Enter note:
Enter note: You shoot a bolt.
The bolt hits the ogre!
The ogre is heavily wounded.
You shoot a bolt. The bolt hits the ogre.
The ogre is heavily wounded.
The ogre completely misses you.
You shoot a bolt. The bolt completely misses the ogre.
The ogre hits you with a +0 giant club!
You shoot a bolt. The bolt hits the ogre.
The ogre is severely wounded.
The ogre barely misses you.
You shoot a bolt. The bolt hits the ogre.
You drain the ogre.
The ogre is almost dead.
The ogre hits you with a +0 giant club!!
Ouch! That really hurt!
You die...

........# .... ....##......%#
........#...........##..#....##
........#...............#.....#
..........#.......##....##....#
#...#.....#.............####..#
...###.####..............###.:#
...# .. ..#..................#
..## ....#.O.............##
#..#.#@............##
#.#.#...#..........# ##
#......##........)##
...##..##............#
..........#..........# #
........####.........###.
..........##........##...
...........#.....)#......
.................[###....


You could see an ogre (drained).

Vanquished Creatures
  Eustachio (D:4)
  An orc priest (D:4)
  A hound (D:4)
  A sleepcap (D:4)
  2 orc wizards (D:4)
  4 adders
  3 worms
  5 dart slugs
  6 ball pythons
  7 endoplasms
  3 giant cockroaches
  6 goblins
  6 hobgoblins
  2 jackals (D:1)
  6 kobolds
  3 quokkas
  9 bats
  2 frilled lizards
  4 rats
72 creatures vanquished.

Notes
Turn   | Place    | Note
-------+----------+-------------------------------------------
     0 | D:1      | qw the Gargoyle Hunter began the quest for the Orb.
     0 | D:1      | Reached XP level 1. HP: 12/12 MP: 1/1
     0 | D:1      | 0 ||| qw: Version: 0.3-a-76-g4403597
     0 | D:1      | 0 ||| qw: Game counter: 1133
     0 | D:1      | 0 ||| qw: Melee chars always use a shield: true
     0 | D:1      | 0 ||| qw: God list: Okawaru
     0 | D:1      | 0 ||| qw: Allow faded altars: false
     0 | D:1      | 0 ||| qw: Do Orc after clearing Dungeon:15 true
     0 | D:1      | 0 ||| qw: Do second Lair branch before Depths: true
     0 | D:1      | 0 ||| qw: Lair rune preference: random
     0 | D:1      | 0 ||| qw: Goals: Normal
     0 | D:1      | 0 ||| PLANNING D:1-11
    83 | D:1      | Reached XP level 2. HP: 17/17 MP: 2/2
   361 | D:1      | Reached XP level 3. HP: 21/21 MP: 3/3
   544 | D:1      | Reached skill level 5 in Ranged Weapons
   657 | D:1      | 657 ||| UPGRADING to +0 cloak.
   662 | D:1      | 662 ||| READING scroll labelled WIORCH VISUEHI.
   663 | D:1      | 663 ||| READING scroll labelled JICEDIXA YVAM.
   664 | D:1      | 664 ||| DRINKING 3 silvery potions.
   665 | D:1      | 665 ||| DROPPING scroll of butterflies.
   709 | D:2      | Reached skill level 3 in Fighting
   849 | D:2      | Reached XP level 4. HP: 28/28 MP: 4/4
   953 | D:2      | 953 ||| SWAPPING to +0 arbalest.
   956 | D:2      | 956 ||| DROPPING +0 shortbow.
   960 | D:2      | Found a white marble altar of Elyvilon.
  1291 | D:2      | 1291 ||| UPGRADING to +0 ring mail.
  1301 | D:2      | 1301 ||| DROPPING +0 leather armour.
  1302 | D:2      | 1302 ||| UPGRADING to +6 ring of dexterity.
  1303 | D:2      | 1303 ||| READING scroll labelled XITEUD SOSO.
  1304 | D:2      | 1304 ||| READING scroll labelled SUETZO UTIO.
  1305 | D:2      | 1305 ||| READING scroll labelled HYMA KOIMO.
  1377 | D:3      | Reached skill level 1 in Armour
  1749 | D:3      | 1749 ||| READING scroll labelled UDEIDI XAERACH.
  1752 | D:3      | 1752 ||| READING scroll labelled QENICS AKKUO.
  1753 | D:3      | 1753 ||| DRINKING 2 white potions.
  1754 | D:3      | 1754 ||| READING 3 scrolls of identify.
  1754 | D:3      | 1754 ||| IDENTIFYING bubbling puce potion
  1755 | D:3      | 1755 ||| READING 2 scrolls of identify.
  1755 | D:3      | 1755 ||| IDENTIFYING smoky clear potion
  1756 | D:3      | 1756 ||| DROPPING potion of brilliance.
  1809 | D:4      | Reached XP level 5. HP: 32/32 MP: 5/5
  1824 | D:4      | Found a stormy altar of Qazlal.
  1825 | D:4      | Found a hide-covered altar of Uskayaw.
  1828 | D:4      | Noticed Eustachio
  1840 | D:4      | Killed Eustachio
  1841 | D:4      | Reached skill level 6 in Ranged Weapons
  1841 | D:4      | Reached XP level 6. HP: 23/37 MP: 6/6
  1917 | D:4      | 1917 ||| Stepping ~*~*~tactically~*~*~ (outnumbered).
  1919 | D:4      | 1919 ||| Stepping ~*~*~tactically~*~*~ (outnumbered).
  1921 | D:4      | 1921 ||| Stepping ~*~*~tactically~*~*~ (outnumbered).
  1923 | D:4      | 1923 ||| RETREATING.
  2021 | D:4      | Reached skill level 7 in Ranged Weapons
  2091 | D:4      | Slain by an ogre

Levels and vault maps discovered:
D:1:      saegor_arrival_simple_c, layout_loops_ring,
          amcnicky_mini_corridor_feature
D:2:      layout_loops_ring, basic_altar
D:3:      layout_basic
D:4:      layout_cave_pools, nicolae_overflow_squiral, serial_glass,
          glass_columns_b, glass_columns_b, uniq_eustachio

Skill      XL: |  1  2  3  4  5  6 |
---------------+-------------------+-----
Ranged Weapons | 5 6 7 |  7.0
Fighting       | 3 4 |  4.0
Armour         | 1 |  1.0
Dodging        | 2 |  2.0
Stealth        | |  1.1

Action                     |  1- 3 |  4- 6 || total
---------------------------+-------+-------++-------
   Fire: Shortbow          |    93 |     7 ||   100
         Arbalest          |       |   102 ||   102
    Use: Scroll            |     2 |     7 ||     9
         Potion            |     1 |     1 ||     2
 Armour: Leather armour    |    14 |     4 ||    18
         Ring mail         |       |    33 ||    33
  Dodge: Dodged            |    20 |    31 ||    51

Table legend:
 A = Non-vault XP
 B = Vault XP
 C = Vault XP percentage of total XP
 D = Non-vault monster count
 E = Vault monster count
 F = Vault count percentage of total count
                 A         B        C        D         E       F
            +---------+---------+-------+---------+---------+-------
      Total |     364 |     202 |  35.7 |      71 |       1 |   1.4
            +---------+---------+-------+---------+---------+-------
        D:1 |      44 |       0 |   0.0 |      22 |       0 |   0.0
        D:2 |      60 |       0 |   0.0 |      18 |       0 |   0.0
        D:3 |      59 |       0 |   0.0 |      23 |       0 |   0.0
        D:4 |     201 |     202 |  50.1 |       8 |       1 |  11.1
            +---------+---------+-------+---------+---------+-------
